 Dungeon Crawl Stone Soup version 0.18.1-48-g4cf74bf (webtiles) character file.

154 poirepourri the Skirmisher (level 5, 33/33 HPs)
             Began as a Gargoyle Fighter on July 6, 2016.
             Quit the game on level 3 of the Dungeon.
             The game lasted 00:03:30 (2281 turns).

poirepourri the Skirmisher (Gargoyle Fighter)       Turns: 2281, Time: 00:03:30

Health: 33/33      AC: 12    Str: 20    XL:     5   Next: 36%
Magic:  5/5        EV:  8    Int:  9    God:
Gold:   121        SH:  9    Dex:  9    Spells: 0 memorised, 4 levels left

rFire  . . .     SeeInvis .     a - +0 war axe
rCold  . . .     Gourm    .     b - +1 scale mail
rNeg   + . .     Faith    .     c - +0 shield
rPois  ∞         Spirit   .     (no helmet)
rElec  +         Dismiss  .     (no cloak)
rCorr  .         Reflect  .     (no gloves)
SustAt .         Harm     .     (no boots)
MR     .....                    n - amulet of rage
Stlth  ..........               (no ring)
                                (no ring)

@: not resistant to hostile enchantments, extremely unstealthy
A: negative energy resistance 1, electricity resistance, unbreathing,
petrification resistance, rot immunity, AC +4
a: Evoke Berserk Rage


You were on level 3 of the Dungeon.
You were not hungry.

You visited 1 branch of the dungeon, and saw 3 of its levels.

You collected 121 gold pieces.

Inventory:

Hand Weapons
 a - a +0 war axe (weapon)
Armour
 b - a +1 scale mail (worn)
 c - a +0 shield (worn)
Jewellery
 f - an uncursed amulet of faith
 n - an amulet of rage (around neck)
Wands
 q - a wand of lightning (5/15)
Scrolls
 o - a scroll of recharging
Potions
 d - a potion of might
 e - 2 potions of magic
 g - a potion of lignification
 i - 3 potions of heal wounds
 j - a potion of mutation {unknown}
 k - a potion of curing {unknown}
 l - a potion of agility {unknown}
 r - a potion of ambrosia {unknown}
Books
 m - a book of Changes

   Spells                             Type                      Level
   a - Beastly Appendage              Transmutation                1
   b - Sticks to Snakes               Transmutation                2
   c - Spider Form                    Transmutation/Poison         3
   d - Ice Form                       Ice/Transmutation            4
   e - Blade Hands                    Transmutation                5
Comestibles
 h - 2 meat rations
 p - a slice of pizza


   Skills:
 + Level 4.1 Fighting
 + Level 2.8 Axes
 - Level 3.8 Armour
 + Level 1.7 Dodging
 - Level 4.0 Shields


You had 4 spell levels left.
You didn't know any spells.

Dungeon Overview and Level Annotations

Branches:
Dungeon (3/15)

Altars:


Innate Abilities, Weirdness & Mutations

You are resistant to torment.
Your stone body is resilient (AC +4).
You are immune to poison.
You resist negative energy.
You are resistant to electric shocks.
You can survive without breathing.
You are immune to petrification.
You are immune to rotting.


Message History

A bat comes into view.
The bat barely misses you.
A bat is nearby!
A bat is nearby!
A bat is nearby!
A bat is nearby!
The bat barely misses you. The bat hits you but does no damage.
The bat closely misses you. You block the bat's attack.
The bat barely misses you. You block the bat's attack.
The bat barely misses you. You block the bat's attack.
You miss the bat. You block the bat's attack. The bat barely misses you.
You hit the bat.
You kill the bat!
Done exploring.
Done exploring.
Done exploring.
Done exploring.
Are you sure you want to abandon this character and quit the game? (Confirm with "yes".)

...##.##...#...###
##.......#####...#
.#..###.>..#...#.#
.#......##.#.###.#
.#.####..........#
##.####.###.###..#
............# #.##
#######.##### #.##### #
#.# #.@...# # #.#
#.###.# #######.#####
#.# #.# ............#
#.# #.#
#######...#.###.# #.#
##..............###.#
#.######.#.........#
#<#
#.#.######..###########
##.# #.#.#
#............#


There were no monsters in sight!

Vanquished Creatures
  Jessica (D:2)
  6 adders
  2 worms
  A dart slug (D:2)
  3 giant geckos
  2 orcs (D:3)
  A ball python (D:1)
  A giant cockroach (D:1)
  3 goblins
  9 hobgoblins
  4 jackals (D:2)
  A quokka (D:3)
  8 bats
  5 giant newts
  10 kobolds
  8 rats
65 creatures vanquished.

Notes
Turn   | Place    | Note
--------------------------------------------------------------
     0 | D:1      | poirepourri the Gargoyle Fighter began the quest for the Orb.
     0 | D:1      | Reached XP level 1. HP: 14/14 MP: 1/1
   339 | D:1      | Reached XP level 2. HP: 16/19 MP: 2/2
   911 | D:1      | Reached XP level 3. HP: 23/23 MP: 3/3
  1308 | D:2      | Reached XP level 4. HP: 29/29 MP: 4/4
  1356 | D:2      | Noticed Jessica
  1368 | D:2      | Killed Jessica
  1368 | D:2      | Reached skill level 1 in Dodging
  1753 | D:3      | Reached XP level 5. HP: 30/33 MP: 5/5
  2281 | D:3      | Quit the game

Skill      XL: |  1  2  3  4 |
---------------+-------------+-----
Axes           | 2 |  2.8
Shields        | 4 |  4.0
Fighting       | 4 |  4.1
Dodging        | 1 |  1.7
Armour         | |  3.8

Action                   |  1- 3 |  4- 6 || total
-------------------------+-------+-------++-------
Melee: War axe           |    91 |   149 ||   240
  Use: Scroll            |       |    10 ||    10
  Eat: Bread ration      |     1 |     1 ||     2
Armor: Scale mail        |    60 |   103 ||   163
Dodge: Dodged            |    39 |    52 ||    91
Block: Shield            |    50 |   109 ||   159
